 Dungeon Crawl Stone Soup version 0.18-a0-1179-g120c792 (webtiles) character file.

23 Reinor the Scratcher (level 2, -2/12 HPs)
             Began as a Felid Transmuter on Jan 27, 2016.
             Slain by an adder (4 damage)
             ... on level 1 of the Dungeon.
             The game lasted 00:01:55 (826 turns).

Reinor the Scratcher (Felid Transmuter)              Turns: 826, Time: 00:01:55

Health: -2/12      AC:  1    Str:  6    XL:     2   Next: 75%
Magic:  0/6        EV: 18    Int: 14    God:
Gold:   15         SH:  0    Dex: 16    Spells: 2 memorised, 2 levels left
                                        Lives:  0   Deaths: 0

rFire  . . .     SeeInvis +       - Unarmed
rCold  . . .     Gourm    .     (armour unavailable)
rNeg   . . .     Faith    .     (shield unavailable)
rPois  .         Spirit   .     (helmet unavailable)
rElec  .         Dismiss  .     (cloak unavailable)
rCorr  .         Reflect  .     (gloves unavailable)
SustAt .         Harm     .     (boots unavailable)
MR     .....                    (no amulet)
Stlth  ++........               (no ring)
                                (no ring)

@: appendage, quick, not resistant to hostile enchantments, unstealthy
A: no armour, no weapons or thrown items, claws 1, fangs 3, horns 2, see
invisible, carnivore 3, speed 1, shaggy fur 1, slow metabolism 1, sharp paws
a: End Transformation


You were on level 1 of the Dungeon.
You were completely stuffed.
You had grown temporary horns.
You visited 1 branch of the dungeon, and saw 2 of its levels.

You collected 15 gold pieces.

Inventory:

Missiles
 a - 9 arrows
Scrolls
 f - a scroll of magic mapping {unknown}
 h - a scroll of enchant armour {unknown}
 j - a scroll of remove curse {unknown}
 l - a scroll of blinking {unknown}
Potions
 d - a potion of might {unknown}
 e - a potion of lignification {unknown}
 g - a potion of curing {unknown}
 i - a potion of mutation {unknown}
Books
 b - a book of Changes

   Spells                             Type                      Level
   a - Beastly Appendage              Transmutation                1
   b - Sticks to Snakes               Transmutation                2
   c - Spider Form                    Transmutation/Poison         3
   d - Ice Form                       Ice/Transmutation            4
   e - Blade Hands                    Transmutation                5
Comestibles
 c - 2 meat rations
 k - 4 chunks of flesh


   Skills:
 - Level 1.0 Fighting
 - Level 2.6 Dodging
 + Level 4.0 Unarmed Combat
 - Level 2.0 Spellcasting
 - Level 2.1 Transmutations


You had 2 spell levels left.
You knew the following spells:

 Your Spells              Type           Power        Failure   Level  Hunger
a - Beastly Appendage     Trmt           #.....       12%         1    ##.....
b - Sticks to Snakes      Trmt           #.......     17%         2    ###....


Dungeon Overview and Level Annotations

Branches:
Dungeon (2/15)

Altars:
Xom


Innate Abilities, Weirdness & Mutations

You cannot wear armour.
You are incapable of wielding weapons or throwing items.
You have sharp claws.
You have razor-sharp teeth.
You have supernaturally acute eyesight.
You are carnivorous and can eat meat at any time.
You cover ground quickly.
You are covered in fur (AC +1).
You have a slow metabolism.
Your sharp claws are effective at attacking unaware monsters.
You have a pair of horns on your head.


Message History

The adder barely misses your ball python.
Your ball python completely misses the adder.
Your ball python misses the adder.
The adder bites your ball python.
Your ball python dies!
The adder bites you.
Casting: Sticks to Snakes
Confirm with . or Enter, or press ? or * to list all spells.
You grow a pair of large bovine horns.
The adder closely misses you.
You miss the adder. You headbutt the adder.
The adder is lightly wounded.
The adder barely misses you. The rat bites you.
You scratch the adder.
The adder is moderately wounded.
The adder bites you. The rat misses you.
You barely miss the adder.
The adder is moderately wounded.
The adder bites you.
* * * LOW HITPOINT WARNING * * *
The adder bites you.
You die...

...#.# #.###.#.# #....... ..##.#
#.......# ##..####
.....#######.### ##.####
#.####.......# #.....
#.####.####### #.#### #.##......#
#.#
#.##.#.##.##################.#
#.##.#.##.......#r...........#
.......##.##....@S######.#####
##.#.###.....##.### ##>##
#....##..###....# #...#######
#......†##(#..#.# #.#........
#.......#.##.##.# #...#.####.
#........##.....# #####.####.
#....##.........# ########.##...
#...##.#........## #.....##....##
....#.##.........###.....##......


You could see an adder and a rat.

Vanquished Creatures
  A giant gecko (D:1)
  2 ball pythons (D:1)
  A giant cockroach (D:1)
  3 goblins (D:1)
  5 hobgoblins (D:1)
  A kobold (D:1)
  4 bats (D:1)
  A giant newt (D:1)
  2 rats
20 creatures vanquished.

Notes
Turn   | Place    | Note
--------------------------------------------------------------
     0 | D:1      | Reinor the Felid Transmuter began the quest for the Orb.
     0 | D:1      | Reached XP level 1. HP: 9/9 MP: 4/4
   333 | D:1      | Reached XP level 2. HP: 9/12 MP: 6/6
   344 | D:1      | Learned a level 2 spell: Sticks to Snakes
   650 | D:1      | Reached skill level 4 in Unarmed Combat
   793 | D:1      | You fall through a shaft!
   793 | D:2      | Found a shimmering altar of Xom.
   826 | D:1      | Slain by an adder

Vault maps used:
D:1:      eino_arrival_cavern_a, minmay_bisected
D:2:      nicolae_ashenzari_panopticon, xom_teletrap_fun, serial_bayou,
          serial_bayou_shore_a, serial_bayou_shore_b, serial_bayou_pond_e,
          serial_bayou_shore_b, first_bread, uniq_natasha

Action                   || total
-------------------------++-------
Melee: Unarmed           ||    56
 Cast: Sticks to Snakes  ||     3
       Beastly Appendage ||     1
  Use: Scroll            ||     2
  Eat: Chunk             ||     7
